AoeStats
← adrifer87

Black Forest

508144398Analyzed
3v3 RM · 12d ago on Sep 21, 2026· 51m 51s· 6 players
Game mode
Random Map
Map size
Normal (6 player)
Population
200
Speed
Normal
Resources
Standard
Victory
Conquest
Starting age
Dark Age
Ending age
Imperial Age
RankedLock teamsTeams togetherTeam positionsShared explorationLock speedFull tech treeHidden civsTurbo modeCheats
Victory
Defeat
🇦🇷 Byzantines · Argentina
899
+16
🇵🇪 Celts · Peru
856
+17
🇨🇳 Chinese · China
822
+19
🇧🇷 Sicilians · Brazil
979
-22
🇧🇷 Persians · Brazil
866
-16
🇮🇳 Lithuanians · India
811
-14
adrifer87
0:27 Loom
12:13 Feudal Age
12:19 Feudal Age
13:53 Horse Collar
14:00 Double-Bit Axe
23:57 Castle Age
21:29 Man-at-Arms
22:13 Scale Mail Armor
22:24 Forging
22:49 Gold Mining
22:52 Stone Mining
22:56 Fletching
25:10 Padded Archer Armor
25:14 Heavy Plow
25:26 Bow Saw
25:47 Chain Mail Armor
24:58 Long Swordsman
26:10 Crossbowman
26:56 Thumb Ring
26:43 Gambesons
27:24 Squires
29:08 Bodkin Arrow
31:00 Wheelbarrow
30:53 Ballistics
31:00 Treadmill Crane
33:23 Iron Casting
33:03 Leather Archer Armor
36:06 Imperial Age
34:15 Hand Cart
36:13 Scale Barding Armor
38:35 Two-Man Saw
38:07 Crop Rotation
38:41 Chemistry
38:13 Plate Mail Armor
37:44 Bracer
38:14 Ring Archer Armor
37:09 Arbalester
37:43 Arson
38:58 Chain Barding Armor
40:30 Conscription
39:40 Two-Handed Swordsman
41:01 Champion
44:30 Plate Barding Armor
44:08 Fortified Wall
43:54 Murder Holes
44:30 Pikeman
46:11 Halberdier
932618016
1:18 Loom
13:03 Feudal Age
14:01 Double-Bit Axe
14:01 Horse Collar
18:42 Gold Mining
18:44 Stone Mining
26:29 Castle Age
27:29 Bow Saw
27:23 Heavy Plow
28:02 Gold Shaft Mining
28:31 Arson
28:47 Squires
30:04 Thumb Ring
29:20 Crossbowman
31:37 Caravan
34:25 Wheelbarrow
33:36 Town Watch
36:21 Masonry
36:32 Ballistics
36:17 Padded Archer Armor
36:17 Scale Mail Armor
36:28 Forging
36:09 Fletching
40:51 Imperial Age
39:24 Leather Archer Armor
39:25 Chain Mail Armor
39:46 Iron Casting
39:27 Bodkin Arrow
41:59 Conscription
42:11 Hand Cart
41:57 Town Patrol
43:36 Elite Chu Ko Nu
45:49 Ring Archer Armor
46:21 Blast Furnace
46:13 Plate Mail Armor
46:03 Bracer
47:36 Chemistry
46:33 Capped Ram
48:08 Architecture
48:36 Siege Ram
hitmanvoodly
2:00 Loom
12:15 Feudal Age
13:19 Double-Bit Axe
15:38 Wheelbarrow
16:00 Horse Collar
20:45 Castle Age
22:16 Bow Saw
22:08 Heavy Plow
27:23 Hand Cart
31:17 Gold Mining
31:22 Stone Mining
35:27 Imperial Age
32:45 Town Watch
35:12 Gold Shaft Mining
37:55 Conscription
37:06 Heavy Scorpion
38:46 Furor Celtica
39:30 Ballistics
40:11 Chemistry
40:38 Siege Engineers
KFE@ segundo pior
0:33 Loom
12:34 Feudal Age
13:01 Double-Bit Axe
12:59 Horse Collar
14:55 Stone Mining
14:57 Town Watch
15:08 Gold Mining
18:35 Wheelbarrow
22:18 Forging
22:09 Scale Mail Armor
25:40 Fletching
29:11 Castle Age
29:49 Padded Archer Armor
30:57 Bodkin Arrow
32:18 Bow Saw
31:52 Pikeman
32:55 Heavy Plow
32:58 Town Patrol
33:49 Elite Skirmisher
42:51 Leather Archer Armor
43:12 Iron Casting
42:54 Chain Mail Armor
48:17 Imperial Age
46:28 First Crusade
49:17 Hand Cart
49:25 Hauberk
50:50 Hauberk
KFE@Çenora
11:41 Feudal Age
16:04 Castle Age
14:07 Double-Bit Axe
21:33 Horse Collar
23:19 Heavy Plow
23:43 Bow Saw
23:30 Gold Mining
24:47 Loom
32:00 Scale Barding Armor
32:06 Forging
34:33 Gold Shaft Mining
35:41 Chain Barding Armor
35:56 Iron Casting
38:46 Imperial Age
39:53 Cavalier
42:04 Savar
44:14 Plate Barding Armor
46:36 Crop Rotation
49:20 Husbandry
49:33 Bloodlines
DreamedEagle635
0:29 Loom
13:16 Feudal Age
Connection lost

Rejoining the realm…

Still unreachable

The connection could not be restored.

Session expired

The server has moved on; the page needs a fresh start.